 Dungeon Crawl Stone Soup version 0.31-a0-848-gaac375c287 (webtiles) character file.

Game seed: 7860960962975047418

324 Schnaeble the Ruffian (level 6, -2/61 HPs)
             Began as a Troll Fighter on Oct 4, 2023.
             Was an Initiate of Ru.
             Slain by a gnoll
             ... wielding a +0 whip
              (5 damage)
             ... on level 4 of the Dungeon.
             The game lasted 00:03:42 (2826 turns).

Schnaeble the Ruffian (Troll Fighter)               Turns: 2826, Time: 00:03:42

Health: -2/61      AC:  4    Str: 27    XL:     6   Next: 23%
Magic:  5/5        EV:  9    Int:  4    God:    Ru [......]
Gold:   109        SH:  7    Dex:  9    Spells: 5/5 levels left

rFire   . .          .
                       - Unarmed
rCold   . . .        b - +0 kite shield
rNeg    . . .        a - +0 robe
rPois   .            (helmet restricted)
rElec   .            (no cloak)
rCorr   .            (gloves unavailable)
SInv    .            (boots unavailable)
Will    .....        n - amulet of regeneration
Stlth   +            (no ring)
HPRegen 1.90/turn    (no ring)
MPRegen 0.09/turn

%: no passive effects
@: mighty
A: large, unfitting armour, claws 3, regeneration 1, shaggy fur 1, tough skin 1
a: Renounce Religion


You were on level 4 of the Dungeon.
You worshipped Ru.
Ru was noncommittal.
You visited 1 branch of the dungeon, and saw 4 of its levels.

You collected 109 gold pieces.

Inventory:

Armour
 a - a +0 robe (worn)
 b - a +0 kite shield (worn)
Jewellery
 n - an amulet of regeneration (around neck)
Scrolls
 d - a scroll of enchant weapon
 e - a scroll of amnesia {unknown}
 f - a scroll of vulnerability {unknown}
 g - a scroll of blinking {unknown}
 i - 3 scrolls of enchant armour {unknown}
 k - 2 scrolls of teleportation {unknown}
 l - a scroll of silence {unknown}
 q - a scroll of immolation {unknown}
Potions
 c - a potion of might
 h - 2 potions of enlightenment {unknown}
 j - a potion of magic {unknown}
 m - 3 potions of curing {unknown}
 o - a potion of resistance {unknown}
 p - a potion of cancellation {unknown}


   Skills:
 + Level 3.1 Fighting
 - Level 2.8 Dodging
 - Level 3.1 Shields
 + Level 5.7 Unarmed Combat


You had 5 spell levels left.
You didn't know any spells.
Your spell library contained the following spells:

 Spells                   Type           Power      Damage    Failure   Level
 Summon Guardian Golem    Hex/Summ       0%         N/A       98%         3
 Haunt                    Necr/Summ      0%         N/A       100%        7
 Orb of Destruction       Conj           0%         9d5       100%        7
 Spellforged Servitor     Conj/Summ      0%         N/A       100%        7
 Borgnjor's Revivificati  Necr           0%         N/A       100%        8
 Death's Door             Necr           0%         N/A       100%        9


Dungeon Overview and Level Annotations

Branches:
Dungeon (4/15)
 Temple: D:4-7

Altars:
Ashenzari
Elyvilon
Hepliaklqana
Kikubaaqudgha
Makhleb
Nemelex Xobeh
Ru
Sif Muna
Trog
Yredelemnul

Shops:
D:1 *


Innate Abilities, Weirdness & Mutations

You are too large for most types of armour.
You have claws for hands.
Your natural rate of healing is unusually fast.
You are covered in fur. (AC +1)
You have tough skin. (AC +1)


Message History

The gnoll hits you from afar with a +0 spear.
* * * LOW HITPOINT WARNING * * *
Found a robe.
You block the gnoll's attack. x2
The gnoll hits you but does no damage.
Items here: ( ))) ††.
You feel very mighty all of a sudden. You block the bullfrog's attack.
The gnoll barely misses you. The gnoll hits you but does no damage.
The gnoll closely misses you.
You mangle the gnoll!!
You kill the gnoll!
The bullfrog hits you!
* * * LOW HITPOINT WARNING * * *
The gnoll closely misses you.
The bullfrog hits you but does no damage.
The gnoll hits you but does no damage.
You scratch the gnoll.
The gnoll is heavily wounded.
You block the bullfrog's attack. The gnoll hits you but does no damage.
The gnoll hits you with a +0 club.
* * * LOW HITPOINT WARNING * * *
You closely miss the gnoll.
The gnoll is heavily wounded.
The bullfrog barely misses you. The bullfrog hits you.
* * * LOW HITPOINT WARNING * * *
The gnoll hits you with a +0 club!
* * * LOW HITPOINT WARNING * * *
The gnoll hits you with a +0 whip.
* * * LOW HITPOINT WARNING * * *
You claw the gnoll!
You kill the gnoll!
The bullfrog hits you but does no damage.
The gnoll hits you with a +0 whip.
* * * LOW HITPOINT WARNING * * *
Unknown command.
As you read the scroll labelled OCABINILEO, it crumbles to dust.
It is a scroll of enchant weapon.
The +0 giant spiked club glows red for a moment.
The bullfrog completely misses you. You block the bullfrog's attack.
The gnoll hits you with a +0 whip.
You die...

#.........#
#.........#
#.........#
#...[.....# .
#.......... ..
#[........#
...###..)).....#
#.....##@#
#..Fg# ##..##
#..### #....##
#.##..# #. ##.##
#. #..# #..
##.##### ># .#


You could see a bullfrog and a gnoll.

Vanquished Creatures
  2 ogres (D:4)
  An iguana (D:4)
  3 adders
  4 gnolls
  3 dart slugs
  4 orcs (D:4)
  9 ball pythons
  2 endoplasms
  A giant cockroach (D:1)
  7 goblins
  3 hobgoblins
  8 kobolds
  2 quokkas
  10 bats
  3 frilled lizards
  6 rats
68 creatures vanquished.

Notes
Turn   | Place    | Note
-------+----------+-------------------------------------------
     0 | D:1      | Schnaeble the Troll Fighter began the quest for the Orb.
     0 | D:1      | Reached XP level 1. HP: 22/22 MP: 0/0
   179 | D:1      | Reached XP level 2. HP: 29/29 MP: 1/1
   383 | D:1      | Found Wuaxes's Assorted Antiques.
   570 | D:1      | Reached XP level 3. HP: 36/36 MP: 2/2
  1180 | D:2      | Reached skill level 3 in Unarmed Combat
  1180 | D:2      | Reached XP level 4. HP: 40/44 MP: 3/3
  2230 | D:3      | Found a hazy altar of Hepliaklqana.
  2230 | D:3      | Found a shimmering blue altar of Sif Muna.
  2230 | D:3      | Found a burning altar of Makhleb.
  2231 | D:3      | Found a bloodstained altar of Trog.
  2232 | D:3      | Found a sacrificial altar of Ru.
  2232 | D:3      | Found an ancient bone altar of Kikubaaqudgha.
  2233 | D:3      | Found a sparkling altar of Nemelex Xobeh.
  2234 | D:3      | Found a broken altar of Ashenzari.
  2234 | D:3      | Found a white marble altar of Elyvilon.
  2235 | D:3      | Found a basalt altar of Yredelemnul.
  2243 | D:3      | Became a worshipper of Ru the Awakened
  2708 | D:4      | Noticed an ogre
  2712 | D:4      | Killed an ogre
  2713 | D:4      | Reached skill level 4 in Unarmed Combat
  2713 | D:4      | Reached XP level 5. HP: 53/53 MP: 4/4
  2799 | D:4      | Noticed an ogre
  2814 | D:4      | Killed an ogre
  2815 | D:4      | Reached skill level 5 in Unarmed Combat
  2815 | D:4      | Reached XP level 6. HP: 36/61 MP: 5/5
  2824 | D:4      | HP: 1/61 [gnoll/+0 whip (3)]
  2826 | D:4      | Slain by a gnoll

Illustrated notes

Levels and vault maps discovered:
D:1:      elethiomel_arrival_maze, layout_loops_corners, serial_shops,
          shop_statue
D:2:      layout_loops_ring, minmay_misc_feat_plants, kennysheep_generic_room_10
D:3:      layout_basic, nicolae_overflows_in_rows
D:4:      layout_rooms, lexackson_kobold_supper

Skill      XL: |  1  2  3  4  5 |
---------------+----------------+-----
Shields        | 3 |  3.1
Unarmed Combat | 3 4 5 |  5.7
Fighting       | 3 |  3.1
Dodging        | |  2.8

Action                     |  1- 3 |  4- 6 || total
---------------------------+-------+-------++-------
  Melee: Unarmed           |    77 |    92 ||   169
    Use: Scroll            |       |     1 ||     1
         Potion            |       |     1 ||     1
 Armour: Robe              |    34 |    53 ||    87
  Dodge: Dodged            |    25 |    32 ||    57
  Block: Kite shield       |    16 |    33 ||    49

Table legend: (Time is in decaauts)
 A = Elapsed time spent in this place.
 B = Non-inter-level travel time spent in this place.
 C = Inter-level travel time spent in this place.
 D = Time resting spent in this place.
 E = Time spent auto-exploring this place.
 F = Levels seen in this place.
 G = Mean time per level.
                   A        B        C        D        E       F      G
               +--------+--------+--------+--------+--------+-----+--------+
         Total |   2833 |   2698 |    135 |      0 |   2288 |   4 |  708.2 |
       Dungeon |   2833 |   2698 |    135 |      0 |   2288 |   4 |  708.2 |
               +--------+--------+--------+--------+--------+-----+--------+

Top non-repeatable levels by time:
     D:3: 1128 daAuts
     D:1: 982 daAuts
     D:2: 604 daAuts
     D:4: 118 daAuts
